 Dungeon Crawl Stone Soup version 0.28.0 (webtiles) character file.

Game seed: 1786643366696499875

996 multipassport the Covert (level 7, -6/44 HPs)
             Began as a Vampire Abyssal Knight on Feb 9, 2022.
             Was a Priest of Lugonu.
             Killed by divine providence
             ... invoked by an orc priest
              (17 damage)
             ... on level 6 of the Dungeon.
             The game lasted 00:13:21 (4868 turns).

multipassport the Covert (Vampire Abyssal Knight)   Turns: 4868, Time: 00:13:21

Health: -6/44      AC:  5    Str: 12    XL:     7   Next: 99%
Magic:  9/9        EV: 12    Int: 13    God:    Lugonu [***...]
Gold:   187        SH:  0    Dex: 16    Spells: 6/6 levels left

rFire   . . .      SeeInvis +   z - +2 dagger (venom)
rCold   + + +      Faith    .   (no shield)
rNeg    + + +      Spirit   .   j - +0 leather armour {Will+}
rPois   ∞          Reflect  .   k - +0 helmet
rElec   .          Harm     .   b - scarf {+Inv}
rCorr   .          Rampage  .   (no gloves)
Will    +....                   A - +0 pair of boots
Stlth   ++++++....              (no amulet)
HPRegen 0.00/turn               o - ring of wizardry
MPRegen 0.11/turn               p - ring of protection from cold

@: bloodless, inhibited regen
A: bloodless, fangs 3, see invisible, vampiric 2
a: Bat Form, Revivify, Renounce Religion, Evoke Invisibility, Depart the Abyss,
Bend Space, Banish


You were on level 6 of the Dungeon.
You worshipped Lugonu.
Lugonu was most pleased with you.
You visited 1 branch of the dungeon, and saw 6 of its levels.
You visited the Abyss 1 time.

You collected 187 gold pieces.

Inventory:

Hand Weapons
 z - a +2 dagger of venom (weapon)
 D - a +3 vampiric short sword
Armour
 b - a scarf of invisibility (worn)
 j - a +0 leather armour of willpower (worn)
 k - a +0 helmet (worn)
 u - a +0 tower shield
 A - a +0 pair of boots (worn)
Magical Staves
 s - a staff of poison
 B - a staff of death
Jewellery
 o - a ring of wizardry (left hand)
 p - a ring of protection from cold (right hand)
 v - a ring of willpower
 x - a ring of willpower
 C - an amulet of reflection
 F - an amulet of magic regeneration
Scrolls
 c - 5 scrolls of teleportation {unknown}
 d - a scroll of holy word {unknown}
 g - a scroll of blinking {unknown}
 h - 4 scrolls of enchant armour {unknown}
 l - 2 scrolls of immolation {unknown}
 m - 3 scrolls of identify {unknown}
 t - a scroll of fog {unknown}
 y - a scroll of silence {unknown}
Potions
 a - 3 potions of attraction {unknown}
 e - a potion of mutation {unknown}
 f - a potion of lignification {unknown}
 i - a potion of heal wounds {unknown}
 n - a potion of resistance {unknown}
 q - 2 potions of ambrosia {unknown}
 r - 2 potions of berserk rage {unknown}
 w - a potion of degeneration {unknown}
 E - a potion of curing {unknown}


   Skills:
 + Level 4.9 Fighting
 + Level 4.4 Short Blades
 - Level 2.0 Axes
 - Level 1.0 Armour
 - Level 2.4 Dodging
 + Level 8.1 Stealth
 + Level 3.7 Invocations


You had 6 spell levels left.
You didn't know any spells.
Your spell library contained the following spells:

 Spells                   Type           Power      Damage    Failure   Level
 Malign Gateway           Summ/Tloc      0%         N/A       100%        7
 Summon Horrible Things   Summ           0%         N/A       100%        8


Dungeon Overview and Level Annotations

Branches:
Dungeon (6/15)             Temple (0/1) D:5

Altars:
Makhleb
Okawaru


Innate Abilities, Weirdness & Mutations

You do not regenerate when monsters are visible.
You are frail without blood (-20% HP).
You can heal yourself when you bite living creatures.
You are immune to poison.
You have razor-sharp teeth.
You have supernaturally acute eyesight. (SInv)
You are afflicted with vampirism and can become a bat while bloodless.


Message History

You destroy the bullfrog skeleton!
Lugonu accepts your kill.
HP restored.
An orc comes into view. It is wielding a +0 dagger.
Things that are here:
13 gold pieces; a +0 falchion An orc comes into view.
It is wielding a +1 trident of venom.
Found 7 gold pieces.
An orc priest comes into view. It is wielding a +0 whip.
Found a hand axe.
The orc priest shouts!
A sky beast and an orc come into view.
The orc is wielding a +0 trident and wearing a +2 leather armour of poison resistance.
The orc priest miscasts a cantrip.
The orc shouts! x3
You hit the sky beast.
The sky beast is lightly wounded.
The sky beast flickers out of sight for a moment.
The sky beast barely misses you. The orc misses you.
The orc hits you but does no damage.
The orc priest calls down the wrath of Beogh upon you.
Beogh smites you!
An adder comes into view.
You hit the sky beast.
The sky beast is lightly wounded.
The sky beast barely misses you.
You hit the sky beast.
The sky beast is moderately wounded.
You barely miss the sky beast.
The sky beast is moderately wounded.
The sky beast hits you. The sky beast shocks you.
The orc hits you from afar with a +1 trident of venom.
You barely miss the sky beast.
The sky beast is moderately wounded.
The sky beast barely misses you.
The orc hits you from afar with a +1 trident of venom!
* * * LOW HITPOINT WARNING * * *
The orc priest invokes the aid of Beogh against you.
Beogh smites you!
You die...

.......# ## #......... .##
##.##### #..#....#..####...
#..# ###.##..$.#.......#)
##.# #...#...............
#.### #.##..##...oo...o...
#)..## ###.#..####..#.......#
#....#####...#.##
##.###....#.#
#..........#...####o.##..#..#
#......##.....@.Yoo..##.##..#
##...#.##.##.######.#..... .#
#............# #...#..# .#
#............# #..#..## .
#............# #..#.## ..
#............# #.##.#
#<............. .S#
#....#..######.. .# #....#.##
#.


You could see a sky beast (invisible), an orc priest and 2 orcs.

Vanquished Creatures
  Grinder (D:4)
  A black bear (D:5)
  A centaur (D:6)
  2 scorpions
  A centaur zombie (D:5)
  An orc priest (D:4)
  A bullfrog skeleton (D:6)
  4 hounds (D:4)
  A scorpion zombie (D:5)
  3 iguanas
  An orc wizard (D:5)
  6 adders
  2 gnolls (D:3)
  A white imp (D:5)
  A worm (D:2)
  2 dart slugs
  9 orcs
  13 endoplasms
  3 giant cockroaches
  9 goblins
  10 hobgoblins
  5 jackals
  8 kobolds
  3 quokkas
  A ball python (D:2)
  6 bats
  2 frilled lizards
  6 rats
104 creatures vanquished.

Notes
Turn   | Place    | Note
-------+----------+-------------------------------------------
     0 | Abyss:1  | multipassport the Vampire Abyssal Knight began the quest
                  | for the Orb.
     0 | Abyss:1  | Reached XP level 1. HP: 17/17 MP: 2/2
    37 | Abyss:1  | Noticed a red draconian
    39 | Abyss:1  | Noticed a small abomination
    43 | Abyss:1  | Noticed a large abomination
    44 | D:1      | Escaped the Abyss
   166 | D:1      | Reached skill level 1 in Armour
   244 | D:1      | Reached XP level 2. HP: 17/18 MP: 3/3
   305 | D:1      | Reached * piety under Lugonu
   359 | D:1      | Reached skill level 1 in Stealth
   630 | D:1      | Reached skill level 2 in Stealth
   712 | D:1      | Found a faded altar of an unknown god.
  1091 | D:2      | Gained mutation: You are afflicted with vampirism and can
                  | become a bat while bloodless. [Vampire growth]
  1091 | D:2      | Reached XP level 3. HP: 22/22 MP: 4/4
  1279 | D:2      | Reached skill level 3 in Stealth
  1588 | D:2      | Reached skill level 4 in Stealth
  1889 | D:2      | Reached XP level 4. HP: 27/27 MP: 5/5
  2016 | D:3      | Found an iron altar of Okawaru.
  2224 | D:3      | Reached ** piety under Lugonu
  2308 | D:3      | Reached skill level 5 in Stealth
  2313 | D:3      | Reached skill level 1 in Short Blades
  2908 | D:4      | Reached XP level 5. HP: 23/32 MP: 6/6
  3154 | D:4      | Reached skill level 6 in Stealth
  3154 | D:4      | Reached XP level 6. HP: 38/38 MP: 7/7
  3162 | D:4      | Noticed Grinder
  3196 | D:4      | Killed Grinder
  3462 | D:4      | Reached XP level 7. HP: 43/43 MP: 9/9
  3493 | D:4      | Reached skill level 7 in Stealth
  3685 | D:4      | Found a burning altar of Makhleb.
  3808 | D:5      | Entered Level 5 of the Dungeon
  4504 | D:5      | Reached *** piety under Lugonu
  4626 | D:5      | Found a staircase to the Ecumenical Temple.
  4682 | D:6      | Reached skill level 8 in Stealth
  4868 | D:6      | Killed from afar by an orc priest

Illustrated notes

Levels and vault maps discovered:
D:1:      heliophobic_arrival_battle_scene, layout_basic,
          shapermc_ecumenical_altar_mp_urbaneastern, minmay_misc_feat_alley
D:2:      layout_basic
D:3:      layout_loops_cross, okawaru_metal_pillars_1_2
D:4:      layout_cave_pools, kennysheep_mini, kennysheep_generic_room_11,
          uniq_grinder
D:5:      layout_rooms, tgw_xom, lemuel_temple_firewalk_b
D:6:      layout_rooms, nicolae_qazlal_eye_of_the_storm, serial_shops,
          nicolae_stop_n_shop_2

Skill      XL: |  1  2  3  4  5  6  7 |
---------------+----------------------+-----
Armour         | 1 |  1.0
Axes           | 2 |  2.0
Stealth        | 2 4 5 6 8 |  8.1
Fighting       | 3 4 |  4.9
Short Blades   | 1 2 3 4 |  4.4
Invocations    | 2 3 |  3.7
Dodging        | |  2.4

Action                   |  1- 3 |  4- 6 |  7- 9 || total
-------------------------+-------+-------+-------++-------
Melee: Hand axe          |    49 |       |       ||    49
       Bite              |     8 |    12 |    13 ||    33
       Punch             |     1 |     1 |     2 ||     4
       Short sword       |    22 |       |       ||    22
       Dagger            |    30 |   110 |    88 ||   228
Invok: Depart the Abyss  |     1 |       |       ||     1
 Abil: Exsanguinate      |     1 |       |       ||     1
 Stab: Sleeping          |    14 |    13 |    11 ||    38
Armor: Leather armour    |    24 |    27 |    22 ||    73
Dodge: Dodged            |    48 |    42 |    44 ||   134
